 Dungeon Crawl Stone Soup version 0.16.1-2-g95b8d4c (webtiles) character file.

1169 Fluffy the Skirmisher (level 8, -3/74 HPs)
             Began as a Hill Orc Fighter on Mar 24, 2015.
             Slain by a killer bee (6 damage)
             ... on level 5 of the Dungeon.
             The game lasted 00:09:59 (5096 turns).

Fluffy the Skirmisher (Hill Orc Fighter)            Turns: 5096, Time: 00:10:01

Health: -3/74      AC: 14    Str: 21    XL:     8   Next: 40%
Magic:  8/8        EV:  4    Int:  8    God:
Gold:   323        SH:  9    Dex: 10    Spells: 0 memorised, 7 levels left

rFire  . . .     SeeInvis .     a - +0 war axe
rCold  . . .     Clarity  .     v - +0 plate armour
rNeg   . . .     SustAb   .     c - +0 shield
rPois  .         Gourm    .     (no helmet)
rElec  .         Spirit   .     s - +0 cloak
rCorr  .         Warding  .     (no gloves)
rMut   .         Stasis   .     (no boots)
MR     .....                    (no amulet)
Stlth  ..........               (no ring)
                                (no ring)

@: lethally poisoned (-3 -> -7), not resistant to hostile enchantments,
extremely unstealthy
A: no striking features
a: no special abilities


You were on level 5 of the Dungeon.
You were not hungry.

You visited 2 branches of the dungeon, and saw 6 of its levels.

You collected 323 gold pieces.

Inventory:

Hand weapons
 a - a +0 war axe (weapon)
Armour
 c - a +0 shield (worn)
 s - a +0 cloak (worn)
 v - a +0 plate armour (worn)
Scrolls
 g - 3 scrolls of enchant weapon {unknown}
 h - a scroll of teleportation {unknown}
 k - 2 scrolls of recharging {unknown}
 l - 6 scrolls of remove curse {unknown}
 m - a scroll of enchant armour {unknown}
Potions
 e - 2 potions of might
 i - 2 potions of flight
 j - 3 potions of haste
 q - a potion of invisibility
 u - 2 potions of resistance {unknown}
Comestibles
 b - 2 slices of pizza
 d - 3 meat rations
 f - a bread ration
 r - a beef jerky


   Skills:
 + Level 7.9 Fighting
 + Level 7.7 Axes
 + Level 6.8 Armour
 - Level 3.2 Shields


You had 7 spell levels left.
You didn't know any spells.

Dungeon Overview and Level Annotations

Branches:
Dungeon (5/15)             Temple (1/1) D:4

Altars:
Ashenzari
Cheibriados
Dithmenos
Elyvilon
Gozag
Kikubaaqudgha
Nemelex Xobeh
Okawaru
Ru
Sif Muna
Trog
Xom
Yredelemnul
Zin


Message History

You block the killer bee's attack.
Your plate armour prevents you from hitting the killer bee.
The killer bee is severely wounded.
The killer bee stings you but does no damage.
You block the killer bee's attack.
You miss the killer bee.
The killer bee is severely wounded.
You feel sick.
The killer bee stings you but does no damage. x2
The killer bee barely misses you.
You hit the killer bee.
The killer bee is almost dead.
The killer bee stings you but does no damage. x2
You closely miss the killer bee.
The killer bee is almost dead.
You feel sick. You block the killer bee's attack. The killer bee stings you.
* * * LOW HITPOINT WARNING * * *
You are lethally poisoned!
The killer bee poisons you! The killer bee stings you.
You die...

.....#..#... .....#..#
.##.##..# .##.##..# .
.....#..#... .....#..#....
.....#..#..... ####
.##..)..#......##..##
###..#..#......y@...#
#...#..#.?....##..#####
#)..#..#..... ##..##..##
#..##+##..... +........#
#..##.##......#........#
#.............#........#
#.............##..##.###
#(............##..##.###..##
#..............#..#...(....+


You could see a killer bee.

Vanquished Creatures
  An ice beast (D:5)
  2 sky beasts (D:5)
  3 ogres (D:5)
  3 killer bees (D:5)
  A scorpion (D:4)
  A hound (D:4)
  2 orc priests
  3 orc wizards
  4 worker ants
  Jessica (D:2)
  A gnoll (D:1)
  4 adders
  2 worms
  3 giant geckos
  2 oozes (D:1)
  9 orcs
  2 ball pythons (D:3)
  A bat skeleton (D:5)
  6 giant cockroaches
  8 goblins
  16 hobgoblins
  3 jackals (D:5)
  2 quokkas
  9 bats
  A giant gecko skeleton (D:5)
  4 giant newts
  11 kobolds
  7 rats
112 creatures vanquished.

Notes
Turn   | Place    | Note
--------------------------------------------------------------
     0 | D:1      | Fluffy, the Hill Orc Fighter, began the quest for the Orb.
     0 | D:1      | Reached XP level 1. HP: 19/19 MP: 1/1
   125 | D:1      | Reached XP level 2. HP: 18/27 MP: 2/2
   258 | D:1      | Reached skill level 4 in Fighting
   621 | D:1      | Reached XP level 3. HP: 33/33 MP: 3/3
   956 | D:2      | Found a sparkling altar of Nemelex Xobeh.
  1088 | D:2      | Noticed Jessica
  1105 | D:2      | Killed Jessica
  1105 | D:2      | Reached XP level 4. HP: 34/41 MP: 4/4
  1165 | D:2      | Found an iron altar of Okawaru.
  1749 | D:3      | Reached skill level 5 in Fighting
  1947 | D:4      | Reached XP level 5. HP: 37/48 MP: 5/5
  2187 | D:4      | Found a staircase to the Ecumenical Temple.
  2193 | Temple   | Entered the Ecumenical Temple
  2652 | D:4      | Reached skill level 5 in Armour
  2652 | D:4      | Reached XP level 6. HP: 25/57 MP: 6/6
  3028 | D:4      | Reached skill level 5 in Axes
  3366 | D:4      | Reached skill level 6 in Fighting
  3633 | D:5      | Entered Level 5 of the Dungeon
  3741 | D:5      | Reached XP level 7. HP: 7/64 MP: 7/7
  4602 | D:5      | Reached skill level 7 in Fighting
  4873 | D:5      | Reached XP level 8. HP: 57/73 MP: 8/8
  5096 | D:5      | HP: 3/74 [killer bee (6)]
  5096 | D:5      | Slain by a killer bee

Action                   |  1- 3 |  4- 6 |  7- 9 || total
-------------------------+-------+-------+-------++-------
Melee: War axe           |    98 |   253 |   137 ||   488
  Use: Scroll            |       |       |     7 ||     7
       Potion            |       |       |     4 ||     4
  Eat: Chunk             |     1 |     8 |     5 ||    14
